3A
ALAMEDA AIRMEN @ KENNESAW JETS
09/02/2029
 
TOP OF THE 1ST
Alameda Airmen batting - Pitching for Kennesaw Jets : RHP Ajax Moscopolis
Pitching: RHP Ajax Moscopolis
Batting: RHB Giuseppe Provolone 0-0: Ball
1-0: Ball
2-0: Foul Ball, location: 2F
2-1: Swinging Strike
2-2: Ball
3-2: Foul Ball, location: 2F
3-2: SOLO HOME RUN (Line Drive, 89XD), Distance : 384 ft
Batting: RHB Mick Spargo 0-0: Ball
1-0: Fly out, F9 (Flyball, 89S)
Batting: LHB Ieyoshi Samurakami 0-0: Fly out, F9 (Flyball, 9LSF)
Batting: RHB Guus de Weerdt 0-0: Called Strike
0-1: Swinging Strike
0-2: Strikes out swinging
Top of the 1st over - 1 run, 1 hit, 0 errors, 0 left on base; Alameda 1 - Kennesaw 0
BOTTOM OF THE 1ST
Kennesaw Jets batting - Pitching for Alameda Airmen : RHP Abraham van der Meulen
Pitching: RHP Abraham van der Meulen
Batting: RHB Omar Durán 0-0: Called Strike
0-1: Ground out 5-3 (Groundball, 5)
Batting: RHB Javier De La Garza 0-0: Called Strike
0-1: Swinging Strike
0-2: Foul Ball, location: 2F
0-2: SINGLE (Line Drive, 7S)
Batting: RHB Gerardo Maldonado 0-0: Ball
1-0: Ball
2-0: DOUBLE (Line Drive, 7LD)
Javier De La Garza to third
Runner from 3rd tries for Home, SAFE, no throw
Batting: LHB Félix Calixto 0-0: SINGLE (Line Drive, 8RM)
Gerardo Maldonado to third
Runner from 3rd tries for Home, throw and OUT!
Batting: SHB Paul Wite 0-0: Foul Ball, location: 2F
0-1: Ball
1-1: Swinging Strike
1-2: Strikes out swinging
Bottom of the 1st over - 1 run, 3 hits, 0 errors, 1 left on base; Alameda 1 - Kennesaw 1
TOP OF THE 2ND
Alameda Airmen batting - Pitching for Kennesaw Jets : RHP Ajax Moscopolis
Batting: RHB Joaquín Lara 0-0: Called Strike
0-1: Ball
1-1: Ball
2-1: Swinging Strike
2-2: Fly out, F6 (Popup, P)
Batting: RHB Rafael Gómez 0-0: Called Strike
0-1: DOUBLE (Line Drive, 7D)
Batting: LHB Rodrigo Rodríguez 0-0: Ball
1-0: Swinging Strike
1-1: Ball
2-1: Foul Ball, location: 2F
2-2: Foul Ball, location: 2F
2-2: Foul Ball, location: 2F
2-2: Ball
3-2: DOUBLE (Flyball, 78D)
Rafael Gómez scores
Batting: RHB Mike Capes 0-0: Fly out, F8 (Flyball, 8RS)
Batting: LHB Jean Tannen 0-0: Fly out, F9 (Flyball, 9LS)
Top of the 2nd over - 1 run, 2 hits, 0 errors, 1 left on base; Alameda 2 - Kennesaw 1
BOTTOM OF THE 2ND
Kennesaw Jets batting - Pitching for Alameda Airmen : RHP Abraham van der Meulen
Batting: RHB Ralph Sands 0-0: Called Strike
0-1: Ball
1-1: Swinging Strike
1-2: Foul Ball, location: 2F
1-2: Ball
2-2: Ground out 6-3 (Groundball, 56)
Batting: LHB Sandor Addicks 0-0: Ball
1-0: Called Strike
1-1: Foul Ball, location: 2F
1-2: Ball
2-2: Ground out U3 (Groundball, 3)
Batting: SHB Alfred Owen 0-0: Ball
1-0: Swinging Strike
1-1: Called Strike
1-2: Fly out, F9 (Flyball, 9S)
Bottom of the 2nd over - 0 runs, 0 hits, 0 errors, 0 left on base; Alameda 2 - Kennesaw 1
TOP OF THE 3RD
Alameda Airmen batting - Pitching for Kennesaw Jets : RHP Ajax Moscopolis
Batting: RHB Giuseppe Provolone 0-0: Ground out 5-3 (Groundball, 5L)
Now at 3B: Miguel Angel Montaño
Batting: RHB Mick Spargo 0-0: Called Strike
0-1: Ball
1-1: Fly out, F7 (Flyball, 78S)
Batting: LHB Ieyoshi Samurakami 0-0: Called Strike
0-1: Ball
1-1: Ball
2-1: Fly out, F7 (Flyball, 78D)
Top of the 3rd over - 0 runs, 0 hits, 0 errors, 0 left on base; Alameda 2 - Kennesaw 1
BOTTOM OF THE 3RD
Kennesaw Jets batting - Pitching for Alameda Airmen : RHP Abraham van der Meulen
Batting: RHB Jason Hopdown 0-0: Called Strike
0-1: Foul Ball, location: 2F
0-2: Ball
1-2: Ball
2-2: Ball
3-2: Fly out, F9 (Flyball, 9D)
Batting: RHB Omar Durán 0-0: Called Strike
0-1: Foul Ball, location: 2F
0-2: Ball
1-2: Foul Ball, location: 2F
1-2: Ball
2-2: Foul Ball, location: 2F
2-2: Strikes out swinging
Batting: RHB Javier De La Garza 0-0: Called Strike
0-1: Called Strike
0-2: Ball
1-2: Foul Ball, location: 2F
1-2: Strikes out swinging
Bottom of the 3rd over - 0 runs, 0 hits, 0 errors, 0 left on base; Alameda 2 - Kennesaw 1
TOP OF THE 4TH
Alameda Airmen batting - Pitching for Kennesaw Jets : RHP Ajax Moscopolis
Batting: RHB Guus de Weerdt 0-0: Called Strike
0-1: Foul Ball, location: 2F
0-2: Ball
1-2: Ground out 1-3 (Groundball, P)
Batting: RHB Joaquín Lara 0-0: Ball
1-0: Foul Ball, location: 2F
1-1: Called Strike
1-2: SINGLE (Groundball, 6MD)
Batting: RHB Rafael Gómez 0-0: Ball
1-0: Ball
2-0: Foul Ball, location: 2F
2-1: Ground out 4-3 (Groundball, 34)
Joaquín Lara to second
Batting: LHB Rodrigo Rodríguez 0-0: Ball
1-0: Called Strike
1-1: Foul Ball, location: 2F
1-2: Foul Ball, location: 2F
1-2: Ball
2-2: Ball
3-2: Foul Ball, location: 2F
3-2: SINGLE (Line Drive, 56)
Joaquín Lara to third
Joaquín Lara scores
Batting: RHB Mike Capes 0-0: Foul Ball, location: 2F
0-1: Foul Ball, location: 2F
0-2: Ball
1-2: Strikes out swinging
Top of the 4th over - 1 run, 2 hits, 0 errors, 1 left on base; Alameda 3 - Kennesaw 1
BOTTOM OF THE 4TH
Kennesaw Jets batting - Pitching for Alameda Airmen : RHP Abraham van der Meulen
Batting: RHB Gerardo Maldonado 0-0: Ball
1-0: Ball
2-0: Called Strike
2-1: Ball
3-1: SINGLE (Flyball, 8LS)
Batting: LHB Félix Calixto 0-0: Ball
1-0: DOUBLE (Line Drive, 89D)
Gerardo Maldonado to third
Runner from 3rd tries for Home, SAFE, no throw
Batting: RHB Miguel Angel Montaño 0-0: Called Strike
0-1: Called Strike
0-2: Strikes out swinging
Batting: RHB Ralph Sands 0-0: Ball
1-0: Fly out, F5 (Popup, 25)
Batting: LHB Sandor Addicks 0-0: Ball
1-0: Ball
2-0: Ball
3-0: Base on Balls
Batting: SHB Alfred Owen 0-0: Called Strike
0-1: Ball
1-1: Ball
2-1: Ball
3-1: Called Strike
3-2: Ground out 4-3 (Groundball, 34D)
Bottom of the 4th over - 1 run, 2 hits, 0 errors, 2 left on base; Alameda 3 - Kennesaw 2
TOP OF THE 5TH
Alameda Airmen batting - Pitching for Kennesaw Jets : RHP Ajax Moscopolis
Batting: LHB Jean Tannen 0-0: Called Strike
0-1: Swinging Strike
0-2: Strikes out swinging
Batting: RHB Giuseppe Provolone 0-0: Called Strike
0-1: Swinging Strike
0-2: Ball
1-2: Ground out 4-3 (Groundball, 4)
Batting: RHB Mick Spargo 0-0: Ball
1-0: Ground out 4-3 (Groundball, 4S)
Top of the 5th over - 0 runs, 0 hits, 0 errors, 0 left on base; Alameda 3 - Kennesaw 2
BOTTOM OF THE 5TH
Kennesaw Jets batting - Pitching for Alameda Airmen : RHP Abraham van der Meulen
Batting: RHB Jason Hopdown 0-0: Ball
1-0: Ball
2-0: Called Strike
2-1: Fly out, F7 (Line Drive, 7D)
Batting: RHB Omar Durán 0-0: Called Strike
0-1: Foul Ball, location: 2F
0-2: Foul Ball, location: 2F
0-2: SINGLE (Groundball, 4D)
Batting: RHB Javier De La Garza 0-0: Called Strike
0-1: Ball
Omar Durán steals 2nd base
1-1: Foul Ball, location: 2F
1-2: Strikes out looking
Batting: RHB Gerardo Maldonado 0-0: Ball
1-0: Ball
2-0: Foul Ball, location: 2F
2-1: Foul Ball, location: 2F
2-2: DOUBLE (Line Drive, 7LD)
Omar Durán scores
Batting: LHB Félix Calixto 0-0: Called Strike
0-1: Ball
1-1: Ball
2-1: Swinging Strike
2-2: Foul Ball, location: 2F
2-2: Strikes out looking
Bottom of the 5th over - 1 run, 2 hits, 0 errors, 1 left on base; Alameda 3 - Kennesaw 3
TOP OF THE 6TH
Alameda Airmen batting - Pitching for Kennesaw Jets : RHP Ajax Moscopolis
Batting: LHB Ieyoshi Samurakami 0-0: Ball
1-0: Foul Ball, location: 2F
1-1: Swinging Strike
1-2: Strikes out swinging
Batting: RHB Guus de Weerdt 0-0: Called Strike
0-1: Swinging Strike
0-2: Strikes out swinging
Batting: RHB Joaquín Lara 0-0: Called Strike
0-1: Fly out, F9 (Flyball, 89M)
Top of the 6th over - 0 runs, 0 hits, 0 errors, 0 left on base; Alameda 3 - Kennesaw 3
BOTTOM OF THE 6TH
Kennesaw Jets batting - Pitching for Alameda Airmen : RHP Abraham van der Meulen
Pitching: RHP Orlando Téllez
Batting: RHB Miguel Angel Montaño 0-0: Ball
1-0: Called Strike
1-1: Ball
2-1: Fly out, F7 (Flyball, 7S)
Batting: RHB Ralph Sands 0-0: Ball
1-0: Foul Ball, location: 2F
1-1: Called Strike
1-2: Ball
2-2: Ground out 6-3 (Groundball, 6M)
Batting: LHB Sandor Addicks 0-0: Ball
1-0: Foul Ball, location: 2F
1-1: Ball
2-1: Swinging Strike
2-2: Ball
3-2: Ground out 4-3 (Groundball, 34D)
Bottom of the 6th over - 0 runs, 0 hits, 0 errors, 0 left on base; Alameda 3 - Kennesaw 3
TOP OF THE 7TH
Alameda Airmen batting - Pitching for Kennesaw Jets : RHP Ajax Moscopolis
Batting: RHB Rafael Gómez 0-0: Ball
1-0: Called Strike
1-1: Ground out 1-3 (Groundball, P)
Batting: LHB Rodrigo Rodríguez 0-0: Ball
1-0: SINGLE (Groundball, 6MD)
Batting: RHB Mike Capes 0-0: Ball
1-0: Ball
2-0: Ball
3-0: Called Strike
3-1: Swinging Strike
3-2: Foul Ball, location: 2F
3-2: Strikes out swinging
Rodrigo Rodríguez steals 2nd base
Batter strikes out.
Batting: LHB Jean Tannen 0-0: Ball
1-0: Ball
2-0: Swinging Strike
2-1: Ball
3-1: Base on Balls
Batting: RHB Giuseppe Provolone 0-0: Foul Ball, location: 2F
0-1: Ball
1-1: Foul Ball, location: 2F
1-2: Foul Ball, location: 2F
1-2: Fly out, F6 (Line Drive, 6)
Top of the 7th over - 0 runs, 1 hit, 0 errors, 2 left on base; Alameda 3 - Kennesaw 3
BOTTOM OF THE 7TH
Kennesaw Jets batting - Pitching for Alameda Airmen : RHP Orlando Téllez
Batting: SHB Alfred Owen 0-0: Foul Ball, location: 2F
0-1: Ball
1-1: Ground out U3 (Groundball, 3L)
Pinch Hitting: RHB Gen Matsubara 0-0: Swinging Strike
0-1: Ball
1-1: Swinging Strike
1-2: Ball
2-2: Ball
3-2: Strikes out swinging
Batting: RHB Omar Durán 0-0: Ball
1-0: Ball
2-0: Foul Ball, location: 2F
2-1: SINGLE (Line Drive, 89S)
Pitching: LHP John Ashwood
Pinch Hitting: RHB Tomás Gonzáles 0-0: Ball
1-0: Ball
2-0: Ball
3-0: Called Strike
3-1: Called Strike
3-2: Strikes out looking
Bottom of the 7th over - 0 runs, 1 hit, 0 errors, 1 left on base; Alameda 3 - Kennesaw 3
TOP OF THE 8TH
Alameda Airmen batting - Pitching for Kennesaw Jets : RHP Ajax Moscopolis
Now in LF: Gen Matsubara
Now in RF: Juan Herrera
Batting: RHB Mick Spargo 0-0: Ball
1-0: Ball
2-0: SINGLE (Line Drive, 34)
Batting: LHB Ieyoshi Samurakami 0-0: Ball
1-0: SINGLE (Flyball, 9S)
Mick Spargo to second
Runner from 2nd tries for 3rd, SAFE, no throw
Batting: RHB Guus de Weerdt 0-0: Ball
1-0: Foul Ball, location: 2F
1-1: Ground out 6-3 (Groundball, 6MS)
Ieyoshi Samurakami to second
Pitching: RHP Travis Arai
Batting: RHB Joaquín Lara 0-0: SINGLE (Groundball, 6D)
Mick Spargo scores
Ieyoshi Samurakami to third
Pinch Hitting: SHB Charles Weber 0-0: Ball
1-0: Swinging Strike
1-1: Ball
2-1: Ball
3-1: Base on Balls
Joaquín Lara to second
Batting: LHB Rodrigo Rodríguez 0-0: Ball
1-0: Ball
2-0: GRAND SLAM HOME RUN (Flyball, 7LD), Distance : 354 ft
Batting: RHB Mike Capes 0-0: Ball
1-0: SINGLE (Line Drive, 9LS)
Batting: LHB Jean Tannen 0-0: Ball
1-0: Fly out, F8 (Flyball, 8LS)
Batting: RHB Giuseppe Provolone 0-0: Ball
1-0: Foul Ball, location: 2F
1-1: Ball
2-1: Fly out, F8 (Flyball, 8LS)
Top of the 8th over - 5 runs, 5 hits, 0 errors, 1 left on base; Alameda 8 - Kennesaw 3
BOTTOM OF THE 8TH
Kennesaw Jets batting - Pitching for Alameda Airmen : LHP John Ashwood
Now at 2B: Gérard Chesnutt
Batting: RHB Gerardo Maldonado 0-0: Ball
1-0: Ball
2-0: Ball
3-0: Called Strike
3-1: Called Strike
3-2: Foul Ball, location: 2F
3-2: Foul Ball, location: 2F
3-2: Strikes out looking
Batting: LHB Félix Calixto 0-0: Foul Ball, location: 2F
0-1: Foul Ball, location: 2F
0-2: Ball
1-2: Ball
2-2: SINGLE (Groundball, 4D)
Batting: RHB Miguel Angel Montaño 0-0: Ball
1-0: SINGLE (Line Drive, 8RM)
Félix Calixto to second
Batting: RHB Ralph Sands 0-0: Called Strike
0-1: Ball
1-1: Swinging Strike
1-2: Strikes out swinging
Batting: LHB Sandor Addicks 0-0: Ball
1-0: Ball
2-0: Called Strike
2-1: Ball
3-1: Swinging Strike
3-2: Base on Balls
Félix Calixto to third
Miguel Angel Montaño to second
Batting: SHB Alfred Owen 0-0: Foul Ball, location: 2F
0-1: Ball
1-1: Ball
2-1: Foul Ball, location: 2F
2-2: Foul Ball, location: 2F
2-2: SINGLE (Line Drive, 8LS)
Félix Calixto scores
Miguel Angel Montaño to third
Sandor Addicks to second
Runner from 3rd tries for Home, SAFE, no throw
Pitching: RHP Iván Icaza
Batting: RHB Gen Matsubara 0-0: Ball
1-0: Foul Ball, location: 2F
1-1: Ball
2-1: Swinging Strike
2-2: Fielders Choice at 2nd, 6-4 (Groundball, 6)
Bottom of the 8th over - 2 runs, 3 hits, 0 errors, 2 left on base; Alameda 8 - Kennesaw 5
TOP OF THE 9TH
Alameda Airmen batting - Pitching for Kennesaw Jets : RHP Travis Arai
Batting: RHB Mick Spargo 0-0: SINGLE (Flyball, 89M)
Batting: LHB Ieyoshi Samurakami 0-0: Ball
1-0: Ball
2-0: Foul Ball, location: 2F
2-1: Ball
3-1: Called Strike
3-2: Foul Ball, location: 2F
3-2: Base on Balls
Mick Spargo to second
Pitching: RHP Bill Wallace
Batting: RHB Guus de Weerdt 0-0: Ball
1-0: Ball
2-0: Foul Ball, location: 2F
2-1: Grounds into double play, 6-4-3 (Groundball, 6)
Mick Spargo to third
Batting: RHB Joaquín Lara 0-0: Called Strike
0-1: Foul Ball, location: 2F
0-2: Ball
1-2: Ball
2-2: Fly out, F6 (Popup, 15S)
Top of the 9th over - 0 runs, 1 hit, 0 errors, 1 left on base; Alameda 8 - Kennesaw 5
BOTTOM OF THE 9TH
Kennesaw Jets batting - Pitching for Alameda Airmen : RHP Iván Icaza
Batting: RHB Omar Durán 0-0: Called Strike
0-1: Ball
1-1: Foul Ball, location: 2F
1-2: Strikes out swinging
Batting: RHB Juan Herrera 0-0: Ball
1-0: Foul Ball, location: 2F
1-1: Ball
2-1: Swinging Strike
2-2: Foul Ball, location: 2F
2-2: Ball
3-2: Ground out 5-3 (Groundball, 5)
Batting: RHB Gerardo Maldonado 0-0: Ground out 5-3 (Groundball, 56)
Bottom of the 9th over - 0 runs, 0 hits, 0 errors, 0 left on base; Alameda 8 - Kennesaw 5
Tuesday, December 19th, 2017 - OOTP Baseball 18.8 Build 76